 Dungeon Crawl Stone Soup version 0.30.0-19-g36f170ea60 (webtiles) character file.

Game seed: 8044131554880400021

325 booth the Chopper (level 6, -2/29 (51) HPs)
             Began as a Gnoll Reaver on May 31, 2023.
             Slain by a kobold brigand
             ... wielding a +0 falchion
              (3 damage)
             ... on level 3 of the Dungeon.
             The game lasted 00:13:54 (2534 turns).

booth the Chopper (Gnoll Reaver)                    Turns: 2534, Time: 00:13:55

HP:   -2/29 (51)    AC:  1    Str: 13    XL:     6   Next: 48%
MP:   14/14         EV: 12    Int: 13    God:
Gold: 218           SH:  0    Dex: 10    Spells: 9/15 levels left

rFire   . . .        a - +0 hand axe
rCold   . . .        (no shield)
rNeg    + . .        b - +0 leather armour
rPois   .            (no helmet)
rElec   .            (no cloak)
rCorr   .            (no gloves)
SInv    .            (no boots)
Will    .....        (no amulet)
Stlth   +            e - ring of positive energy
HPRegen 0.24/turn    (no ring)
MPRegen 0.14/turn

%: no passive effects
@: confused, flying, very heavily drained
A: fangs 1, strong nose, distributed training, deformed body, sense surroundings
1
a: no special abilities


You were on level 3 of the Dungeon.
You visited 1 branch of the dungeon, and saw 3 of its levels.

You collected 218 gold pieces.

Inventory:

Hand Weapons
 a - a +0 hand axe (weapon)
 g - a +0 war axe
Missiles
 c - 5 poisoned darts (quivered)
 i - a throwing net
 n - 6 curare-tipped darts
Armour
 b - a +0 leather armour (worn)
Jewellery
 e - a ring of positive energy (left hand)
 k - an amulet of the acrobat
Scrolls
 d - 2 scrolls of blinking
 m - a scroll of fog


   Skills:
 + Level 5.0 Fighting
 + Level 2.1 Short Blades
 + Level 2.1 Long Blades
 + Level 6.9 Axes
 + Level 2.1 Maces & Flails
 + Level 2.1 Polearms
 + Level 2.1 Staves
 + Level 2.1 Ranged Weapons
 + Level 2.1 Throwing
 + Level 2.1 Armour
 + Level 5.0 Dodging
 + Level 2.1 Stealth
 + Level 2.1 Shields
 + Level 2.1 Unarmed Combat
 + Level 5.4 Spellcasting
 + Level 5.7 Conjurations
 + Level 1.6 Hexes
 + Level 1.6 Summonings
 + Level 1.6 Necromancy
 + Level 1.6 Translocations
 + Level 1.6 Transmutations
 + Level 1.6 Fire Magic
 + Level 1.6 Ice Magic
 + Level 1.6 Air Magic
 + Level 1.6 Earth Magic
 + Level 1.6 Poison Magic
 + Level 2.3 Invocations
 + Level 2.1 Evocations


You had 9 spell levels left.
You knew the following spells:

 Your Spells              Type           Power      Damage    Failure   Level
a - Kiss of Death         Conj/Necr      52%        2d9       4%          1
b - Momentum Strike       Conj/Tloc      26%        3d8       8%          2
c - Hailstorm             Conj/Ice       13%        3d5       16%         3

Your spell library contained the following spells:

 Spells                   Type           Power      Damage    Failure   Level


Dungeon Overview and Level Annotations

Branches:
Dungeon (3/15)

Altars:


Innate Abilities, Weirdness & Mutations

You have very sharp teeth.
Your uncanny sense of smell can sniff out nearby items.
Your experience applies equally to all skills.
Armour fits poorly on your strangely shaped body.
You passively map a small area around you.


Message History

You hit the kobold brigand.
The kobold brigand is moderately wounded.
You feel yourself speed up. The kobold brigand barely misses you.
The kobold brigand misses you.
You barely miss the kobold brigand. You bite the kobold brigand.
The kobold brigand is heavily wounded.
The kobold brigand zaps a wand.
Your will is overpowered!
You are confused.
You bump into the stone wall.
The kobold brigand zaps a wand.
You resist with some effort.
You bump into the stone wall.
The kobold brigand completely misses you.
You hit the kobold brigand but do no damage.
The kobold brigand is heavily wounded.
The kobold brigand zaps a wand.
You resist with some effort.
You barely miss the kobold brigand.
The kobold brigand is heavily wounded.
The kobold brigand hits you with a +0 falchion!
* * * LOW HITPOINT WARNING * * *
You barely miss the kobold brigand.
The kobold brigand is heavily wounded.
The kobold brigand zaps a wand.
Your will is overpowered!
You are more confused.
Non-targeted confused throw: 5 darts (poison)
Press: ? - help, Q - select action, (/) - cycle Dir - look around, f - activate
Okay, then.
Unknown command.
Non-targeted confused throw: 5 darts (poison)
Press: ? - help, Q - select action, (/) - cycle Dir - look around, f - activate
Okay, then.
It was a potion of mutation.
You feel extremely strange.
Your body twists and deforms.
You feel a strange attunement to the structure of the dungeons.
The kobold brigand hits you with a +0 falchion!
* * * LOW HITPOINT WARNING * * *
It was a potion of flight.
You feel very buoyant.
You fly up into the air.
The kobold brigand hits you with a +0 falchion.
You die...

....)###...####..##.###...#.##..#
..............###.# #...##.#..#
.#.#####...####..##, #....###..#
##.# #...# #.### , #.##.....##
##.# #...# ##..## #.*#.#####
##.## #...# ###.# #. #.######
#...####...####..## #. #.#.....
#..........(.#.### #.##>...###
#...####.######.@##* #..........
##### #.# ###K# ###.#...### #.#
#.K## .##.## # ## ### #.K# #.# #
~# * #.## #.# # ## ,,.. * #.# # *
.(. ##.# # ~ #.## , #..# # ~ #. *
* #.## #


You could see a kobold brigand (drained).

Vanquished Creatures
  Sigmund (D:2)
  Jessica (D:2)
  Natasha (twice) (D:2)
  3 adders
  3 dart slugs
  2 orcs (D:3)
  2 ball pythons
  3 endoplasms
  2 giant cockroaches
  7 goblins
  A hobgoblin (D:1)
  4 jackals (D:3)
  2 quokkas
  8 bats
  3 frilled lizards
  6 kobolds
  5 rats
55 creatures vanquished.

Notes
Turn   | Place    | Note
-------+----------+-------------------------------------------
     0 | D:1      | booth the Gnoll Reaver began the quest for the Orb.
     0 | D:1      | Reached XP level 1. HP: 20/20 MP: 6/6
   178 | D:1      | Reached XP level 2. HP: 26/26 MP: 7/7
   181 | D:1      | Learned a level 2 spell: Momentum Strike
   644 | D:1      | Reached skill level 5 in Spellcasting
   644 | D:1      | Reached XP level 3. HP: 30/31 MP: 7/9
   648 | D:1      | Learned a level 3 spell: Hailstorm
  1096 | D:2      | Noticed Sigmund
  1111 | D:2      | Killed Sigmund
  1112 | D:2      | Reached skill level 1 in Short Blades
  1112 | D:2      | Reached skill level 1 in Long Blades
  1112 | D:2      | Reached skill level 1 in Maces & Flails
  1112 | D:2      | Reached skill level 1 in Polearms
  1112 | D:2      | Reached skill level 1 in Staves
  1112 | D:2      | Reached skill level 1 in Ranged Weapons
  1112 | D:2      | Reached skill level 1 in Throwing
  1112 | D:2      | Reached skill level 1 in Armour
  1112 | D:2      | Reached skill level 1 in Stealth
  1112 | D:2      | Reached skill level 1 in Shields
  1112 | D:2      | Reached skill level 1 in Unarmed Combat
  1112 | D:2      | Reached skill level 1 in Hexes
  1112 | D:2      | Reached skill level 1 in Summonings
  1112 | D:2      | Reached skill level 1 in Necromancy
  1112 | D:2      | Reached skill level 1 in Translocations
  1112 | D:2      | Reached skill level 1 in Transmutations
  1112 | D:2      | Reached skill level 1 in Fire Magic
  1112 | D:2      | Reached skill level 1 in Ice Magic
  1112 | D:2      | Reached skill level 1 in Air Magic
  1112 | D:2      | Reached skill level 1 in Earth Magic
  1112 | D:2      | Reached skill level 1 in Poison Magic
  1112 | D:2      | Reached skill level 1 in Invocations
  1112 | D:2      | Reached skill level 1 in Evocations
  1112 | D:2      | Reached XP level 4. HP: 17/38 MP: 9/11
  1112 | D:2      | Reached XP level 5. HP: 19/43 MP: 9/12
  1220 | D:2      | Noticed Natasha
  1228 | D:2      | Killed Natasha
  1287 | D:2      | Reached XP level 6. HP: 45/47 MP: 13/13
  1781 | D:2      | Noticed Natasha
  1792 | D:2      | Killed Natasha
  1793 | D:2      | Reached skill level 5 in Fighting
  1793 | D:2      | Reached skill level 5 in Dodging
  1915 | D:2      | Noticed Jessica
  1919 | D:2      | Killed Jessica
  2533 | D:3      | Gained mutation: Armour fits poorly on your strangely
                  | shaped body. [potion of mutation]
  2533 | D:3      | Gained mutation: You passively map a small area around you.
                  | [potion of mutation]
  2533 | D:3      | HP: 1/29 [kobold brigand/+0 falchion (8)]
  2534 | D:3      | Slain by a kobold brigand

Illustrated notes

Levels and vault maps discovered:
D:1:      wheals_arrival_linesprint, layout_loops_ring,
          corexii_leaking_fountain, moated_statue
D:2:      layout_loops_ring, uniq_jessica, uniq_natasha, uniq_sigmund
D:3:      cheibrodos_thug_alley, layout_loops_ring, grunt_decor_resistance,
          minmay_bisected

Skill      XL: |  1  2  3  4  5  6 |
---------------+-------------------+-----
Spellcasting   | 5 |  5.4
Short Blades   | 1 2 |  2.1
Long Blades    | 1 2 |  2.1
Maces & Flails | 1 2 |  2.1
Polearms       | 1 2 |  2.1
Staves         | 1 2 |  2.1
Ranged Weapons | 1 2 |  2.1
Throwing       | 1 2 |  2.1
Armour         | 1 2 |  2.1
Stealth        | 1 2 |  2.1
Shields        | 1 2 |  2.1
Unarmed Combat | 1 2 |  2.1
Hexes          | 1 |  1.6
Summonings     | 1 |  1.6
Necromancy     | 1 |  1.6
Translocations | 1 |  1.6
Transmutations | 1 |  1.6
Fire Magic     | 1 |  1.6
Ice Magic      | 1 |  1.6
Air Magic      | 1 |  1.6
Earth Magic    | 1 |  1.6
Poison Magic   | 1 |  1.6
Invocations    | 1 2 |  2.3
Evocations     | 1 2 |  2.1
Fighting       | 5 |  5.0
Dodging        | 5 |  5.0
Axes           | |  6.9
Conjurations   | |  5.7

Action                     |  1- 3 |  4- 6 || total
---------------------------+-------+-------++-------
  Melee: Hand axe          |    90 |   100 ||   190
         Bite              |     6 |     8 ||    14
         Punch             |     2 |       ||     2
  Throw: Dart              |       |     5 ||     5
   Cast: Kiss of Death     |     2 |     4 ||     6
    Use: Scroll            |     4 |     2 ||     6
         Potion            |     1 |     3 ||     4
   Stab: Sleeping          |       |     1 ||     1
 Armour: Leather armour    |    21 |    13 ||    34
  Dodge: Dodged            |    50 |    76 ||   126
